 Dungeon Crawl Stone Soup version 0.30-a0-341-g682706514a (webtiles) character file.

Game seed: 14236414688185021831

171 Muataran the Chopper (level 5, 0/47 HPs)
             Began as a Hill Orc Fighter on Nov 1, 2022.
             Slain by a bullfrog (3 damage)
             ... in a sewer.
             The game lasted 00:02:48 (1361 turns).

Muataran the Chopper (Hill Orc Fighter)             Turns: 1361, Time: 00:02:49

Health: 0/47       AC:  7    Str: 21    XL:     5   Next: 51%
Magic:  5/5        EV:  9    Int:  8    God:
Gold:   56         SH:  4    Dex: 10    Spells: 4/4 levels left

rFire   . . .      SeeInvis .    a - +0 war axe
rCold   . . .      Faith    .    c - +0 buckler
rNeg    . . .      Spirit   .    b - +0 scale mail
rPois   .          Reflect  .    (no helmet)
rElec   .          Harm     .    (no cloak)
rCorr   .          Rampage  .    (no gloves)
Will    .....                    (no boots)
Stlth   ..........               (no amulet)
HPRegen 0.27/turn                (no ring)
MPRegen 0.09/turn                (no ring)

@: mighty, lethally poisoned (0 -> -1), very slow
A: no striking features
a: no special abilities


You were in a sewer.
You visited 1 branch of the dungeon, and saw 3 of its levels.
You also visited: Sewer.

You collected 56 gold pieces.

Inventory:

Hand Weapons
 a - a +0 war axe (weapon)
Armour
 b - a +0 scale mail (worn)
 c - a +0 buckler (worn)
Jewellery
 f - a ring of fire
Scrolls
 e - a scroll of vulnerability {unknown}
 h - 3 scrolls of identify {unknown}
 i - a scroll of fog {unknown}
 k - a scroll of brand weapon {unknown}
 l - 3 scrolls of fear {unknown}
 m - a scroll of teleportation {unknown}
Potions
 d - 2 potions of might
 g - a potion of lignification {unknown}
 j - a potion of curing {unknown}
 n - 2 potions of flight {unknown}
 o - a potion of brilliance {unknown}
 p - a potion of haste {unknown}
 q - a potion of attraction {unknown}


   Skills:
 + Level 4.7 Fighting
 * Level 5.6 Axes
 + Level 4.2 Armour
 - Level 3.2 Shields


You had 4 spell levels left.
You didn't know any spells.
Your spell library was empty.

Dungeon Overview and Level Annotations

Branches:
Dungeon (3/15)              Sewer (1/1)

Altars:


Message History

You block the bullfrog's attack. You block the adder's attack.
The adder bites you.
* * * LOW HITPOINT WARNING * * *
You are more poisoned.
The adder poisons you!
The bullfrog hits you but does no damage.
Your unstable footing causes you to fumble your attack.
You feel very sick. The bullfrog hits you.
* * * LOW HITPOINT WARNING * * *
The bullfrog closely misses you. The adder bites you but does no damage.
The adder bites you.
* * * LOW HITPOINT WARNING * * *
The bullfrog hits you but does no damage. x2
The adder bites you but does no damage. x2
Okay, then.
Okay, then.
You feel very mighty all of a sudden.
You feel sick. You block the bullfrog's attack.
The bullfrog closely misses you. The adder bites you but does no damage.
The adder barely misses you.
The bullfrog hits you but does no damage.
Your unstable footing causes you to fumble your attack.
You feel sick.
The bullfrog hits you but does no damage. x2
The adder bites you but does no damage. You block the adder's attack.
The bullfrog barely misses you. The adder bites you but does no damage.
The bullfrog closely misses you. The adder closely misses you.
You slash the adder!
You kill the adder!
You barely miss the bullfrog. You hit the bullfrog. You barely miss the adder.
You feel sick. The bullfrog closely misses you. The bullfrog hits you.
* * * LOW HITPOINT WARNING * * *
The adder barely misses you.
The bullfrog hits you but does no damage.
You barely miss the bullfrog.
The bullfrog is severely wounded.
You slash the bullfrog! You barely miss the adder.
You feel sick. You block the bullfrog's attack. The bullfrog hits you.
You die...

≈≈≈~~#
#≈≈~~≈≈#
≈~~†~#
#≈≈~~≈≈#
....##
#≈≈~~≈~#
..(.≈#
#≈≈≈#~~#
....##
#≈≈≈≈.≈#
~~~≈≈#
#≈≈≈~.~#
≈~~≈≈#
#≈≈~#~~#
~~~~≈#
#≈≈~F#≈#
≈~~~~#
#≈~~~@≈#
≈≈≈~≈#
#≈≈~≈SF#
≈≈≈~≈#
#≈~~≈≈~#
≈~≈~~#
#≈≈≈~≈~#
....##
#.....##
.....#
#......
....##
#......
....#
+......
...##


You could see 2 bullfrogs and an adder.

Vanquished Creatures
  5 river rats (Sewer)
  6 adders (Sewer)
  2 dart slugs (D:1)
  6 endoplasms
  5 goblins (D:1)
  5 hobgoblins
  2 kobolds (D:1)
  2 quokkas (D:1)
  14 ball pythons
  2 bats (D:1)
  4 frilled lizards
  30 rats
83 creatures vanquished.

Notes
Turn   | Place    | Note
-------+----------+-------------------------------------------
     0 | D:1      | Muataran the Hill Orc Fighter began the quest for the Orb.
     0 | D:1      | Reached XP level 1. HP: 19/19 MP: 1/1
    82 | D:1      | Reached skill level 3 in Axes
   169 | D:1      | Reached XP level 2. HP: 25/27 MP: 2/2
   370 | D:1      | Reached XP level 3. HP: 29/33 MP: 3/3
   494 | D:1      | Reached skill level 4 in Axes
   833 | D:3      | Found a glowing drain.
   846 | Sewer    | Entered a sewer
   883 | Sewer    | Reached XP level 4. HP: 19/40 MP: 4/4
  1129 | Sewer    | Reached skill level 5 in Axes
  1141 | Sewer    | Reached XP level 5. HP: 25/47 MP: 5/5
  1361 | Sewer    | Slain by a bullfrog

Illustrated notes

Levels and vault maps discovered:
D:1:      dpeg_arrival_concentric_ovals, layout_rooms,
          hangedman_decor_diamond_cutter, minmay_indecisive_spiral
D:2:      layout_loops_corners
D:3:      layout_basic, cheibrodos_sewer_entry_sluice, chequers_arboretum,
          minmay_cupped
Sewer:    sewer_minmay_w

Skill      XL: |  1  2  3  4 |
---------------+-------------+-----
Axes           | 3 4 5 |  5.6
Fighting       | 4 |  4.7
Armour         | 4 |  4.2
Shields        | |  3.2

Action                   |  1- 3 |  4- 6 || total
-------------------------+-------+-------++-------
Melee: War axe           |    85 |    76 ||   161
  Use: Scroll            |     1 |       ||     1
       Potion            |       |     1 ||     1
Armor: Scale mail        |    32 |    78 ||   110
Dodge: Dodged            |    39 |    61 ||   100
Block: Buckler           |    23 |    38 ||    61

Table legend: (Time is in decaauts)
 A = Elapsed time spent in this place.
 B = Non-inter-level travel time spent in this place.
 C = Inter-level travel time spent in this place.
 D = Time resting spent in this place.
 E = Time spent auto-exploring this place.
 F = Levels seen in this place.
 G = Mean time per level.
                   A        B        C        D        E       F      G
               +--------+--------+--------+--------+--------+-----+--------+
         Total |   1452 |   1427 |     25 |    240 |    794 |   4 |  363.0 |
       Dungeon |    876 |    851 |     25 |     97 |    555 |   3 |  292.0 |
         Sewer |    575 |    575 |      0 |    143 |    239 |   1 |  575.0 |
               +--------+--------+--------+--------+--------+-----+--------+

Top non-repeatable levels by time:
     D:1: 777 daAuts
   Sewer: 575 daAuts
     D:2: 71 daAuts
     D:3: 27 daAuts
